 Dungeon Crawl Stone Soup version 0.23-a0-4-g8f018a2 (webtiles) character file.

66 galech the Shield-Bearer (level 3, -4/34 HPs)
             Began as a Deep Dwarf Fighter on July 31, 2018.
             Killed by divine providence
             ... invoked by an orc priest
              (9 damage)
             ... on level 2 of the Dungeon.
             The game lasted 00:02:34 (1178 turns).

galech the Shield-Bearer (Deep Dwarf Fighter)       Turns: 1178, Time: 00:02:34

Health: -4/34      AC:  6    Str: 19    XL:     3   Next: 96%
Magic:  3/3        EV:  7    Int:  8    God:
Gold:   127        SH:  9    Dex: 13    Spells: 2/2 levels left

rFire    . . .     SeeInvis .   a - +0 war axe
rCold    . . .     Gourm    .   c - +0 shield
rNeg     . . .     Faith    .   b - +0 scale mail
rPois    .         Spirit   .   (no helmet)
rElec    .         Reflect  .   (no cloak)
rCorr    .         Harm     .   (no gloves)
MR       .....                  (no boots)
Stlth    ..........             (no amulet)
HPRegen  0.00/turn              e - ring of wizardry
MPRegen  0.08/turn              (no ring)

@: non-regenerating
A: damage resistance, heal wounds, sense surroundings 1, no regeneration
a: Heal Wounds


You were on level 2 of the Dungeon.
You were not hungry.

You visited 1 branch of the dungeon, and saw 2 of its levels.

You collected 127 gold pieces.

Inventory:

Hand Weapons
 a - a +0 war axe (weapon)
Armour
 b - a +0 scale mail (worn)
 c - a +0 shield (worn)
Jewellery
 e - a ring of wizardry (left hand)
 s - a +2 ring of protection {unknown}
Scrolls
 h - 6 scrolls of identify {unknown}
 k - a scroll of blinking {unknown}
 l - a scroll of immolation {unknown}
 p - a scroll of remove curse {unknown}
 q - a scroll of enchant weapon {unknown}
 r - a scroll of teleportation {unknown}
 t - a scroll of enchant armour {unknown}
Potions
 d - a potion of might
 i - a potion of heal wounds {unknown}
 j - a potion of ambrosia {unknown}
 m - a potion of agility
 n - a potion of cancellation {unknown}
 o - a potion of flight {unknown}
Comestibles
 f - 3 rations
 g - 3 chunks of flesh


   Skills:
 + Level 3.1 Fighting
 + Level 3.3 Axes
 + Level 3.4 Armour
 + Level 0.7 Dodging
 + Level 0.1 Stealth
 + Level 4.0 Shields


You had 2 spell levels left.
You didn't know any spells.
Your spell library was empty.

Dungeon Overview and Level Annotations

Branches:
Dungeon (2/15)

Altars:
Gozag


Innate Abilities, Weirdness & Mutations

You are resistant to damage.
You can heal yourself by infusing magical energy.
You passively map a small area around you.
You do not regenerate.


Message History

You slash the kobold!
You kill the kobold!
Your scale mail prevents you from hitting the orc.
The orc hits you with an enchanted war axe.
The orc priest calls down the wrath of Beogh upon you.
Beogh smites you!
The orc hits you with an enchanted war axe.
You barely miss the orc. The orc hits you but does no damage.
You barely miss the orc.
The orc priest calls down the wrath of Beogh upon you.
Beogh smites you!
* * * LOW HITPOINT WARNING * * *
You block the orc's attack.
The orc priest looks satisfied for a moment.
You hit the orc.
The orc is severely wounded.
The orc hits you with an enchanted war axe.
The orc priest calls down the wrath of Beogh upon you.
Beogh smites you!
You die...

.....###+###.........###.....>###
.....# #.# #..........##..##.....
.....###.# #..........o#..#*#####
......##.# #.........oo#..#, ...
......##.# #......o...$#..# ###.
....[.##.# #......K...##..# ##
......##.# #.........###..# #
......##.# #.(#########...# #
......##.# #.ooo@....(..#.#,, , .
......##.# #.############.#,
#.#......# #. ** .# ..###.#### #.
, ,,, , .# * ### #.# ## * * * ##
#.######## * * #......... , ,
##########* * * *


You could see 2 orc priests and an orc.

Vanquished Creatures
  An ooze (D:2)
  An adder zombie (D:2)
  A worm (D:2)
  2 dart slugs
  3 leopard geckos (D:1)
  An orc (D:2)
  8 bats (D:1)
  A giant cockroach (D:1)
  4 goblins
  A hobgoblin (D:2)
  4 jackals (D:2)
  3 ball pythons
  11 frilled lizards
  5 kobolds
  A leopard gecko skeleton (D:2)
  4 rats
51 creatures vanquished.

Notes
Turn   | Place    | Note
-------+----------+-------------------------------------------
     0 | D:1      | galech the Deep Dwarf Fighter began the quest for the Orb.
     0 | D:1      | Reached XP level 1. HP: 20/20 MP: 1/1
   104 | D:1      | Reached XP level 2. HP: 27/27 MP: 2/2
   381 | D:1      | Reached XP level 3. HP: 32/34 MP: 3/3
  1002 | D:2      | Found an opulent altar of Gozag.
  1015 | D:2      | Reached skill level 4 in Shields
  1178 | D:2      | Killed from afar by an orc priest

Vault maps used:
D:1:      lightli_arrival_isolated_outpost
D:2:      cheibrodos_pilgrimage, old_standard_altar, serial_glass,
          glass_columns_c, glass_columns_b, minmay_lizard_pond

Skill      XL: |  1  2  3 |
---------------+----------+-----
Fighting       | 3 |  3.1
Axes           | 3 |  3.3
Shields        | 4 |  4.0
Armour         | |  3.4
Dodging        | |  0.7
Stealth        | |  0.1

Action                   || total
-------------------------++-------
Melee: War axe           ||   138
 Abil: Heal Wounds       ||     1
  Eat: Chunk             ||     1
Armor: Scale mail        ||    55
Dodge: Dodged            ||    47
Block: Shield            ||    97

Table legend:
 A = Spawn XP
 B = Non-spawn XP
 C = Spawn XP percentage of total XP
 D = Spawn monster count
 E = Non-spawn monster count
 F = Spawn count percentage of total count
 G = Total turns spent on level
                    A         B        C        D         E        F      G
               +---------+---------+-------+---------+---------+-------+---------
         Total |       0 |      95 |   0.0 |       0 |      51 |   0.0 |  1178
               +---------+---------+-------+---------+---------+-------+---------
           D:1 |       0 |      43 |   0.0 |       0 |      26 |   0.0 |   535
           D:2 |       0 |      52 |   0.0 |       0 |      25 |   0.0 |   643
               +---------+---------+-------+---------+---------+-------+---------
